 Dungeon Crawl Stone Soup version bcrawl-1.24.1 (webtiles) character file.

Game seed: 9937666755417694241

131 duje the Changer (level 5, -1/28 HPs)
             Began as a Vine Stalker Transmuter on June 19, 2020.
             Killed by divine providence
             ... invoked by an orc priest
              (10 damage)
             ... on level 2 of the Dungeon.
             The game lasted 00:17:05 (1691 turns).

duje the Changer (Vine Stalker Transmuter)          Turns: 1691, Time: 00:17:05

Health: -1/28      AC:  4    Str: 13    XL:     5   Next: 14%
Magic:  9/9        EV: 12    Int: 14    God:
Gold:   135        SH:  0    Dex: 14    Spells: 2/8 levels left

rFire    . . .     SeeInvis .     - Fists (7.8)
rCold    . . .     Gourm    .   (no shield)
rNeg     . . .     Faith    .   j - +0 leather armour
rPois    .         Spirit   .   (no helmet)
rElec    .         Reflect  .   (no cloak)
rCorr    .         Harm     .   i - +0 pair of gloves
MR       .....                  (no boots)
Stlth    +.........             (no amulet)
HPRegen  0.49/turn              (no ring)
MPRegen  0.11/turn              (no ring)

@: no status effects
A: fangs 2, regeneration 1, no potion heal 3, rot immunity, strong jaws
a: no special abilities


You were on level 2 of the Dungeon.
You were not hungry.

You visited 1 branch of the dungeon, and saw 2 of its levels.

You collected 135 gold pieces.

Inventory:

Missiles
 a - 362 arrows
 k - 55 poisoned needles
Armour
 b - a +0 robe
 i - a +0 pair of gloves (worn)
 j - a +0 leather armour (worn)
Scrolls
 c - 2 scrolls of remove curse {unknown}
 f - a scroll of amnesia {unknown}
 h - 5 scrolls of identify {unknown}
 l - 2 scrolls of teleportation {unknown}
 m - 2 scrolls of enchant weapon {unknown}
Potions
 d - a potion of lignification
 g - 3 potions of haste {unknown}
Comestibles
 e - 4 rations {!d}


   Skills:
 - Level 0.8 Fighting
 - Level 2.0 Dodging
 + Level 4.0 Unarmed Combat
 - Level 2.1 Spellcasting
 - Level 4.1 Transmutations
 * Level 1.1 Poison Magic


You had 2 spell levels left.
You knew the following spells:

 Your Spells              Type           Power        Failure   Level  Hunger
a - Beastly Appendage     Tmut           ##....       5%          1    #......
b - Sticks to Snakes      Tmut           ##......     9%          2    ###....
c - Spider Form           Tmut/Pois      #..          30%         3    ###....

Your spell library contained the following spells:

 Spells                   Type           Power        Failure   Level  Hunger
 Ice Form                 Ice/Tmut       #.......     77%         4    #####..
 Blade Hands              Tmut           ##........   83%         5    ######.


Dungeon Overview and Level Annotations

Branches:
Dungeon (2/12)

Altars:


Innate Abilities, Weirdness & Mutations

You have extremely sharp teeth.
Your natural rate of healing is unusually fast.
Potions cannot restore your health.
You are immune to rotting.
Your bites deal extra damage.


Message History

The orc priest is severely wounded.
You completely miss the orc priest.
The orc priest is severely wounded.
The orc priest mumbles some strange prayers to Beogh against you.
Beogh smites you!
* * * LOW HITPOINT WARNING * * *
You barely miss the orc priest. Your bite misses the orc priest.
The orc priest is severely wounded.
The orc priest closely misses you.
You hit the orc priest but do no damage.
The orc priest is severely wounded.
Your horns disappear.
You barely miss the orc priest.
The orc priest is severely wounded.
The orc priest closely misses you.
You barely miss the orc priest.
The orc priest is severely wounded.
The orc priest calls down the wrath of Beogh upon you.
Beogh smites you!
You die...

>.# #.# ###
#.# #.# #.#
## #.# .#
#.# .# #.#
.# #.# ##
#@# #o#
#.##########
#...S.....<#
############
###########


You could see an orc priest.

Vanquished Creatures
  A crimson imp (D:2)
  Jessica (D:2)
  An adder (D:2)
  2 oozes
  A worm (D:2)
  A dart slug (D:1)
  A leopard gecko (D:1)
  An orc (D:2)
  4 bats
  4 giant cockroaches
  2 hobgoblins (D:1)
  3 jackals (D:2)
  2 frilled lizards (D:2)
  9 goblins
  7 kobolds
  3 rats
43 creatures vanquished.

Vanquished Creatures (collateral kills)
  A frilled lizard (D:2)
1 creature vanquished.

Grand Total: 44 creatures vanquished

Notes
Turn   | Place    | Note
-------+----------+-------------------------------------------
     0 | D:1      | duje the Vine Stalker Transmuter began the quest for the
                  | Orb.
     0 | D:1      | Reached XP level 1. HP: 11/11 MP: 4/4
   154 | D:1      | Reached XP level 2. HP: 16/16 MP: 6/6
   302 | D:1      | Learned a level 2 spell: Sticks to Snakes
   411 | D:1      | Reached XP level 3. HP: 15/20 MP: 5/7
   416 | D:1      | Learned a level 3 spell: Spider Form
  1142 | D:2      | Reached XP level 4. HP: 24/24 MP: 8/8
  1472 | D:2      | HP: 1/24 [orc priest/divine providence (11)]
  1628 | D:2      | Noticed Jessica
  1636 | D:2      | Killed Jessica
  1636 | D:2      | Reached skill level 1 in Poison Magic
  1636 | D:2      | Reached XP level 5. HP: 28/28 MP: 7/9
  1691 | D:2      | Killed from afar by an orc priest

Skill      XL: |  1  2  3  4 |
---------------+-------------+-----
Transmutations | 3 4 |  4.1
Unarmed Combat | 4 |  4.0
Poison Magic   | 1 |  1.1
Fighting       | |  0.8
Dodging        | |  2.0
Spellcasting   | |  2.1

Action                   |  1- 3 |  4- 6 || total
-------------------------+-------+-------++-------
Melee: Unarmed           |   108 |    60 ||   168
       Kick              |     5 |     2 ||     7
       Headbutt          |     6 |       ||     6
       Bite              |     5 |     4 ||     9
       Punch             |     1 |     1 ||     2
 Cast: Beastly Appendage |    14 |     5 ||    19
       Sticks to Snakes  |     3 |     5 ||     8
 Stab: Sleeping          |     1 |       ||     1
  Eat: Chunk             |     1 |     1 ||     2
       Ration            |       |     1 ||     1
Armor: Robe              |     6 |       ||     6
       Leather armour    |    21 |    13 ||    34
Dodge: Dodged            |    76 |    22 ||    98
